 Dungeon Crawl Stone Soup version 0.31-a0-640-g39d97e502b (webtiles) character file.

Game seed: 12903380163586946910

567254 littlecub the Petrodigitator (level 26, -3/175 HPs)
             Began as a Gargoyle Earth Elementalist on Aug 15, 2023.
             Was the Champion of Vehumet.
             Slain by an angel
             ... wielding a +3 whip of holy wrath
              (5 damage)
             ... on level 1 of the Realm of Zot on Aug 27, 2023.
             The game lasted 04:47:52 (89797 turns).

littlecub the Petrodigitator (GrEE)                Turns: 89797, Time: 04:47:53

Health: -3/175     AC: 36    Str: 28    XL:     26   Next: 84%
Magic:  34/43      EV: 13    Int: 26    God:    Vehumet [******]
Gold:   3550       SH:  0    Dex:  4    Spells: 6/57 levels left

rFire   + + .        q - +1 short sword "Kuotog" {heavy, rN+ Will++ Str+6}
rCold   + + +        M - orb {*channel}
rNeg    + + +        D - +2 robe of Bitterness {rF- Will+++ rCorr Archmagi} rPois โˆž
                     L - +2 helmet {SInv}
rElec   +            z - scarf of Gemifera {rC+ rF+, +Inv}
rCorr   +            T - +1 pair of gloves {Str+3}
SInv    +            u - +2 pair of boots
Will    +++++        P - amulet of Miracles {Acrobat rF+ rC+ rN+ Dex-3}
Stlth   +            j - ring "Ceusk" {Wiz Str+3 Int+2 Dex-5}
HPRegen 0.49/turn    A - ring of Spontaneous Combustion {rF+ rC+ Dex+2 Slay+3 SInv}
MPRegen 0.28/turn

%: acrobat, wizardry (x1), archmagi, channel magic (20%)
@: flying, glowing, studying 3 skills
A: sickness immunity, AC +20, big wings, negative energy resistance 1,
electricity resistance, torment resistance 1, petrification resistance
}: 3/15 runes: decaying, serpentine, silver
a: Renounce Religion, Evoke Invisibility


You were on level 1 of the Realm of Zot.
You worshipped Vehumet.
Vehumet was exalted by your worship.
You visited 11 branches of the dungeon, and saw 47 of its levels.
You visited 1 bazaar.
You also visited: Volcano, Wizlab and Desolation.

You collected 8381 gold pieces.
You spent 4831 gold pieces at shops.

Inventory:

Hand Weapons
 q - the +1 short sword "Kuotog" (weapon) {heavy, rN+ Will++ Str+6}
   (You bought it in a shop on level 3 of the Snake Pit)

   Str+6:     It affects your strength (+6).
   rN+:       It protects you from negative energy.
   Will++:    It greatly increases your willpower.
Armour
 i - the +0 kite shield "Lufuywi" {rF++ Int+3}
   (You found it in the Desolation of Salt)

   Int+3:     It affects your intelligence (+3).
   rF++:      It greatly protects you from fire.
 u - a +2 pair of boots (worn)
 z - the scarf of Gemifera (worn) {rC+ rF+, +Inv}
   (You acquired it on level 9 of the Dungeon)

   +Inv:      It lets you turn invisible.
 C - a +3 buckler of fire resistance
 D - the +2 robe of Bitterness (worn) {rF- Will+++ rCorr Archmagi}
   (You bought it in a shop on level 2 of the Orcish Mines)

   rF-:       It makes you vulnerable to fire.
   Will+++:   It greatly increases your willpower.
   rCorr:     It protects you from acid and corrosion.
   Archmagi:  It increases the power of your magical spells.
 L - a +2 helmet of see invisible (worn)
 M - an orb of energy (worn)
 S - a +2 robe of resistance
 T - a +1 pair of gloves of strength (worn)
 X - +2 ice dragon scales
Jewellery
 b - the ring of the Hippogriff {Drain rElec rN+ MP+9}
   (You found it in the Desolation of Salt)

   [ring of magical power]

   rElec:     It insulates you from electricity.
   rN+:       It protects you from negative energy.
   MP+9:      It affects your magic capacity (+9).
   Drain:     It drains your maximum health when unequipped.
 j - the ring "Ceusk" (left hand) {Wiz Str+3 Int+2 Dex-5}
   (You bought it in a shop on level 3 of the Elven Halls)

   [ring of wizardry]

   Wiz:       It improves your spell success rate.
   Str+3:     It affects your strength (+3).
   Int+2:     It affects your intelligence (+2).
   Dex-5:     It affects your dexterity (-5).
 o - the ring "Qiuly" {rF+ rCorr Dex+3}
   (You found it on level 1 of the Swamp)

   [ring of resist corrosion]

   Dex+3:     It affects your dexterity (+3).
   rF+:       It protects you from fire.
   rCorr:     It protects you from acid and corrosion.
 A - the ring of Spontaneous Combustion (right hand) {rF+ rC+ Dex+2 Slay+3 SInv}
   (You took it off a deep elf sorcerer on level 3 of the Elven Halls)

   [ring of protection from cold]

   Dex+2:     It affects your dexterity (+2).
   Slay+3:    It affects your accuracy & damage with ranged weapons and melee
   (+3).
   rF+:       It protects you from fire.
   rC+:       It protects you from cold.
   SInv:      It lets you see invisible.
 B - the ring of Riclug {rElec rF+ rN+ SInv}
   (You took it off a hell knight on level 3 of the Crypt)

   [ring of positive energy]

   rF+:       It protects you from fire.
   rElec:     It insulates you from electricity.
   rN+:       It protects you from negative energy.
   SInv:      It lets you see invisible.
 E - the ring of Demons {*Corrode rC+ AC+4 Str+5 Dex+2}
   (You found it on level 2 of the Snake Pit)

   [ring of protection]

   AC+4:      It affects your AC (+4).
   Str+5:     It affects your strength (+5).
   Dex+2:     It affects your dexterity (+2).
   rC+:       It protects you from cold.
   *Corrode:  It may corrode you when you take damage.
 P - the amulet of Miracles (around neck) {Acrobat rF+ rC+ rN+ Dex-3}
   (You took it off a tengu conjurer on level 9 of the Dungeon)

   [amulet of the acrobat]

   Acrobat:   It increases your evasion while moving and waiting.
   Dex-3:     It affects your dexterity (-3).
   rF+:       It protects you from fire.
   rC+:       It protects you from cold.
   rN+:       It protects you from negative energy.
 W - the ring of Zouwnohu {rC+ rN+ Will+ Stlth+}
   (You took it off a hell knight on level 3 of the Crypt)

   [ring of positive energy]

   rC+:       It protects you from cold.
   rN+:       It protects you from negative energy.
   Will+:     It increases your willpower.
   Stlth+:    It makes you more stealthy.
Wands
 s - a wand of digging (27)
 t - a wand of polymorph (25)
 x - a wand of roots (80)
 F - a wand of quicksilver (20)
 I - a wand of paralysis (27)
 J - a wand of mindburst (55)
 N - a wand of flame (126)
Scrolls
 f - 29 scrolls of teleportation
 m - 9 scrolls of fog
 p - 7 scrolls of fear
 y - 5 scrolls of amnesia
 G - 4 scrolls of revelation
 H - 10 scrolls of enchant weapon
 O - 19 scrolls of poison
 Q - 3 scrolls of brand weapon
 U - 9 scrolls of immolation
 Y - a scroll of summoning
 Z - 2 scrolls of silence
Potions
 a - 10 potions of might
 c - 11 potions of heal wounds
 d - 18 potions of curing
 e - 3 potions of cancellation
 g - 4 potions of brilliance
 h - 11 potions of mutation
 k - 12 potions of attraction
 l - 4 potions of enlightenment
 n - 3 potions of resistance
 r - 10 potions of haste
 w - 3 potions of berserk rage
 K - 3 potions of invisibility
 R - a potion of ambrosia
 V - 2 potions of magic


   Skills:
 + Level 20.3 Fighting
 + Level 18.6 Armour
 + Level 15.0 Dodging
 - Level 2.1 Stealth
 - Level 10.0 Shields
 + Level 16.2 Spellcasting
 + Level 20.2 Conjurations
 - Level 5.0 Hexes
 - Level 7.0 Transmutations
 * Level 8.4 Ice Magic
 O Level 27 Earth Magic


You had 6 spell levels left.
You knew the following spells:

 Your Spells              Type           Power      Damage    Failure   Level
a - Sandblast             Erth           100%       2d20      1%          1
b - Stone Arrow           Conj/Erth      100%       3d13      1%          3
c - Lee's Rapid Deconstr  Erth           63%        3d29*     1%          5
d - Lehudib's Crystal Sp  Conj/Erth      60%        10d14     1%          8
e - Leda's Liquefaction   Hex/Erth       51%        N/A       1%          4
f - Leda's Unmaking       Conj/Erth      60%        9d10      1%          6
g - Polar Vortex          Ice            39%        12d5*     99%         9
q - Passwall              Tmut/Erth      86%        N/A       1%          2
r - Shatter               Erth           63%        3d47*     1%          9
s - Petrify               Tmut/Erth      100%       N/A       1%          4

Your spell library contained the following spells:

 Spells                   Type           Power      Damage    Failure   Level
 Fire Storm               Conj/Fire      42%        8d11      97%         9
 Ignition                 Fire           15%        3d6       100%        8
 Foxfire                  Conj/Fire      100%       2x1d9     1%          1
 Freeze                   Ice            100%       1d10      1%          1
 Kiss of Death            Conj/Necr      100%       2d13      1%          1
 Magic Dart               Conj           100%       1d8       1%          1
 Shock                    Conj/Air       100%       1d9       1%          1
 Slow                     Hex            100%       N/A       1%          1
 Sting                    Tmut/Pois      100%       1d8       1%          1
 Ensorcelled Hibernation  Hex/Ice        100%       N/A       1%          2
 Momentum Strike          Conj/Tloc      100%       3d10      1%          2
 Poisonous Vapours        Pois/Air       62%        N/A       1%          2
 Scorch                   Fire           62%        2d7       1%          2
 Wereblood                Tmut           72%        N/A       1%          2
 Confusing Touch          Hex            63%        N/A       1%          3
 Dazzling Flash           Conj/Hex       100%       N/A       1%          3
 Frozen Ramparts          Ice            100%       1d16      1%          3
 Hailstorm                Conj/Ice       97%        3d19      1%          3
 Mephitic Cloud           Conj/Pois/Air  71%        N/A       1%          3
 Tukima's Dance           Hex            63%        N/A       1%          3
 Animate Armour           Summ/Erth      100%       N/A       1%          4
 Flame Wave               Conj/Fire      84%        2d18      1%          4
 Fulminant Prism          Conj/Hex       46%        3d21      1%          4
 Iskenderun's Mystic Bla  Conj/Tloc      84%        2d17      1%          4
 Arcjolt                  Conj/Air       42%        1d52      1%          5
 Borgnjor's Vile Clutch   Necr/Erth      47%        N/A       1%          5
 Freezing Cloud           Conj/Ice/Air   41%        6-21      1%          5
 Irradiate                Conj/Tmut      47%        3d27      1%          5
 Iskenderun's Battlesphe  Conj           100%       2d15      1%          5
 Yara's Violent Unravell  Hex/Tmut       34%        3d14      1%          5
 Conjure Ball Lightning   Conj/Air       42%        3x3d15    2%          6
 Starburst                Conj/Fire      42%        6d12      2%          6
 Apportation              Tloc           62%        N/A       4%          1
 Necrotise                Necr           100%       1d9       4%          1
 Summon Small Mammal      Summ           100%       N/A       4%          1
 Lesser Beckoning         Tloc           62%        N/A       4%          2
 Portal Projectile        Hex/Tloc       100%       N/A       4%          3
 Summon Guardian Golem    Hex/Summ       51%        N/A       4%          3
 Cause Fear               Hex            31%        N/A       4%          4
 Olgreb's Toxic Radiance  Pois           31%        N/A       6%          4
 Call Canine Familiar     Summ           31%        N/A       9%          3
 Gell's Gravitas          Tloc           31%        N/A       9%          3
 Swiftness                Air            31%        N/A       9%          3
 Teleport Other           Tloc           31%        N/A       9%          3
 Vampiric Draining        Necr           31%        2d8       9%          3
 Anguish                  Hex/Necr       25%        N/A       9%          4
 Alistair's Intoxication  Tmut/Pois      37%        N/A       14%         5
 Eringya's Noxious Bog    Tmut/Pois      28%        4d6       16%         6
 Animate Dead             Necr           31%        N/A       21%         4
 Dispel Undead            Necr           31%        3d14      21%         4
 Manifold Assault         Tloc           31%        N/A       21%         4
 Passage of Golubria      Tloc           31%        N/A       21%         4
 Summon Lightning Spire   Summ/Air       31%        N/A       21%         4
 Vhi's Electric Charge    Tloc/Air       62%        N/A       21%         4
 Silence                  Hex/Air        25%        N/A       21%         5
 Summon Mana Viper        Hex/Summ       51%        N/A       21%         5
 Simulacrum               Ice/Necr       29%        N/A       41%         6
 Agony                    Necr           31%        N/A       43%         5
 Summon Forest            Summ/Tloc      15%        N/A       43%         5
 Plasma Beam              Fire/Air       15%        2x1d27    45%         6
 Death Channel            Necr           15%        N/A       89%         6
 Dispersal                Tloc           15%        N/A       89%         6
 Summon Cactus Giant      Summ           15%        N/A       89%         6
 Orb of Destruction       Conj           56%        9d14      1%          7
 Ozocubu's Refrigeration  Ice            39%        4d16      13%         7
 Enfeeble                 Hex            31%        N/A       82%         7
 Haunt                    Necr/Summ      15%        N/A       100%        7
 Malign Gateway           Summ/Tloc      15%        N/A       100%        7
 Summon Hydra             Summ           15%        N/A       100%        7
 Borgnjor's Revivificati  Necr           15%        N/A       100%        8
 Discord                  Hex            31%        N/A       100%        8
 Disjunction              Tloc           15%        N/A       100%        8
 Infestation              Necr           15%        N/A       100%        8
 Maxwell's Capacitive Co  Air            15%        โˆž       100%        8
 Summon Horrible Things   Summ           15%        N/A       100%        8
 Death's Door             Necr           15%        N/A       100%        9


Dungeon Overview and Level Annotations

Branches:
Dungeon (15/15)            Temple (1/1) D:5            Lair (5/5) D:8
  Swamp (4/4) Lair:3        Snake (4/4) Lair:2        Slime (0/5) Lair:4
    Orc (2/2) D:11            Elf (3/3) Orc:2        Vaults (5/5) D:13
  Crypt (3/3) Vaults:3       Tomb (0/3) Crypt:3      Depths (4/4) D:15
    Zot (1/5) Depths:4    Volcano (visited)          WizLab (visited)
Desolation (visited)

Altars:
Ashenzari
Cheibriados
Dithmenos
Elyvilon
Fedhas
Gozag
Hepliaklqana
Kikubaaqudgha
Makhleb
Nemelex Xobeh
Okawaru
Qazlal
Ru
Sif Muna
Trog
Uskayaw
Vehumet
Wu Jian
Xom
Yredelemnul
Zin
The Shining One

Shops:
D:1 (   D:8 =   Orc:2 (:[*   Elf:1 (   Elf:3 =*   Snake:3 (?((*??
Snake:4 *??(   Vaults:1 (   Vaults:2 (   Vaults:3 !

Portals:
Hell: Depths:1 Depths:2 Depths:3 Depths:4
Abyss: Depths:3
Pandemonium: Depths:2
Ziggurat: Depths:2
Trove: D:10 (give +5 ice dragon scales)

Annotations:
D:3 Ijyb
D:7 1 runed translucent door, pokeman's ghost, novice DEHW
Swamp:3 2 transporters, Faiqoid's ghost, adept AtFi
Snake:2 2 transporters
Elf:1 1 runed translucent door


Innate Abilities, Weirdness & Mutations

You are immune to sickness and miasma.
Your stone body is resilient. (AC +20)
You are immune to poison.
Your large and strong wings let you fly.
You resist negative energy. (rN+)
You are resistant to electric shocks. (rElec)
You are resistant to unholy torment.
You are immune to petrification.


Message History

The angel is healed somewhat.
The angel closely misses you.
The angel hits you with a +3 sacred scourge of holy wrath!
* * * LOW HITPOINT WARNING * * *
The angel gestures.
The angel is healed somewhat.
You feel much better.
The quicksilver dragon bites you but does no damage.
The quicksilver dragon barely misses you.
The Killer Klown blinks!
The angel hits you but does no damage. x2
The angel hits you with a +3 whip of holy wrath.
* * * LOW HITPOINT WARNING * * *
The angel hits you but does no damage.
The quicksilver dragon closely misses you.
The quicksilver dragon claws you but does no damage.
Casting: Shatter (dangerous; 1% risk of failure)
Confirm with . or Enter, or press ? or * to list all spells.
You feel a surge of power!
The dungeon rumbles!
The angel is almost dead. x2
The quicksilver dragon is heavily wounded.
You kill the Killer Klown!
Vehumet accepts your kill.
You feel your power returning.
Ka-crash!
Magical energy flows into your mind!
You hear a roar!
The angel closely misses you.
The angel hits you with a +3 sacred scourge of holy wrath.
* * * LOW HITPOINT WARNING * * *
The angel hits you but does no damage. x2
The quicksilver dragon bites you but does no damage.
The quicksilver dragon claws you but does no damage.
The angel hits you with a +3 sacred scourge of holy wrath!
* * * LOW HITPOINT WARNING * * *
The angel hits you with a +3 sacred scourge of holy wrath!
* * * LOW HITPOINT WARNING * * *
The angel hits you with a +3 whip of holy wrath!
* * * LOW HITPOINT WARNING * * *
The angel hits you with a +3 whip of holy wrath.
You die...

.. # #......#
.......#........# ..
........##......#....
........#........##.
.....................
........#......)....#
.............##......
........[....##.))...
.......@D......#.....
.......AA...... .....
.............#. ....)
...............
...........#...
..ยง...)..... ..
...........#. .
...........#..
..........


You could see 2 angels and a quicksilver dragon.

Vanquished Creatures
  3 dread liches
  2 ancient liches
  Khufu (Crypt:1)
  A juggernaut (Depths:2)
  3 royal mummies (Crypt:1)
  Boris (Vaults:2)
  Vv (Crypt:2)
  Margery (Depths:4)
  Bai Suzhen (Elf:3)
  A Killer Klown (Zot:1)
  Xtahua (Depths:3)
  Saint Roka (Orc:2)
  A golden dragon (Depths:2)
  A mutant beast (WizLab)
  Norris (Elf:3)
  2 bone dragons
  Zenata (Elf:3)
  5 tentacled monstrosities
  Jorgrun (Orc:2)
  6 liches
  A walking crystal tome (Depths:3)
  2 deep elf blademasters
  A walking divine tome (Depths:2)
  5 titans
  9 sphinxes
  4 quicksilver dragons
  The ghost of Iluymox the Imperceptible, an adept KoBr of Hepliaklqana (Vaults:4)
  2 deep elf master archers (Elf:3)
  A death cob (Zot:1)
  The ghost of Sirjeffry24 the Brawler, an adept DrSh of Uskayaw (Snake:2)
  4 ancient champions
  Frances (Snake:1)
  12 shadow dragons
  Kirke (D:12)
  2 thorn hunters
  5 tengu reavers
  Donald (Vaults:1)
  A draconian monk (Depths:4)
  Roxanne (Elf:2)
  5 fire giants
  2 revenants
  A fenstrider witch (Swamp:3)
  8 nagarajas
  8 storm dragons
  4 deep elf sorcerers (Elf:3)
  A balrug (Depths:2)
  9 frost giants
  A draconian scorcher (Zot:1)
  A deep elf elementalist (Elf:3)
  14 vault wardens
  An iron dragon (Depths:2)
  7 ghouls
  An orc warlord (Orc:2)
  Louise (Depths:3)
  16 ironbound preservers
  2 curse skulls (Crypt:2)
  4 spriggan defenders
  A broodmother (shapeshifter) (Vaults:5)
  A formless jellyfish (shapeshifter) (WizLab)
  A draconian shifter (Depths:4)
  7 war gargoyles
  A caustic shrike skeleton (Depths:3)
  18 very ugly things
  4 ironbound thunderhulks
  A quicksilver ooze (shapeshifter) (WizLab)
  14 stone giants
  7 eleionomae
  2 green draconians
  11 deep elf demonologists
  A reaper (Depths:2)
  Azrael (D:12)
  A yellow draconian (Depths:4)
  15 deep elf annihilators
  8 vampire knights
  3 white draconians
  A spark wasp (shapeshifter) (WizLab)
  2 purple draconians (Depths:4)
  3 halazid warlocks (Desolation)
  6 spark wasps
  A red draconian (Depths:4)
  A minotaur (shapeshifter) (Vaults:5)
  5 dire elephants
  6 bunyips
  2 eidola
  9 fire dragons
  9 ettins
  3 shambling mangroves
  A quicksilver dragon zombie (Crypt:2)
  3 crystal guardians
  8 deep elf death magi
  5 great orbs of eyes
  Josephine (D:12)
  2 rakshasas
  4 ragged hierophants (Desolation)
  A blizzard demon (Depths:2)
  3 jiangshi (Crypt:1)
  10 yaktaur captains
  3 spriggan zombies
  6 peacekeepers (Desolation)
  2 entropy weavers
  10 deep elf high priests
  2 ice dragons
  Erolcha (Orc:1)
  20 hydras
  6 spriggan air magi
  A ghost crab (Swamp:1)
  A sphinx zombie (Vaults:2)
  37 vault guards
  9 alligators
  4 servants of whispers (Desolation)
  An ogre mage (D:15)
  9 centaur warriors
  11 ironbound frosthearts
  Erica (Lair:1)
  A two-headed ogre (shapeshifter) (Vaults:3)
  35 dancing weapons
  11 anacondas
  A death knight (Crypt:1)
  A spriggan skeleton (Crypt:1)
  19 tengu warriors
  13 naga warriors
  6 boulder beetles
  2 catoblepae
  10 two-headed ogres
  7 hell hogs (Depths:2)
  6 death yaks
  An alligator snapping turtle (shapeshifter) (WizLab)
  4 deep troll shamans
  A titan zombie (Crypt:3)
  Urug (D:10)
  11 naga sharpshooters
  3 orc high priests (Orc:2)
  3 vampire magi
  A sphinx skeleton (Depths:1)
  A shock serpent (shapeshifter) (WizLab)
  9 spriggan berserkers
  9 shock serpents
  5 deep troll earth magi
  11 hell knights
  15 deep elf knights
  3 sun demons (Depths:2)
  A skyshark (shapeshifter) (Vaults:5)
  5 soul eaters
  Sonja (Orc:2)
  2 fire crabs (shapeshifter) (WizLab)
  A storm dragon zombie (Depths:3)
  28 skeletal warriors
  10 iron trolls
  3 skysharks
  A shadow wraith (Depths:2)
  3 goliath frogs
  A goliath frog (shapeshifter) (Vaults:2)
  An anaconda zombie (Crypt:3)
  3 flayed ghosts
  53 deep trolls
  4 glowing orange brains (Depths:2)
  4 sea snakes
  2 glowing orange brains (shapeshifter) (WizLab)
  12 bog bodies
  2 spriggan druids
  5 naga ritualists
  10 ironbound convokers
  A swamp dragon (shapeshifter) (WizLab)
  2 shadow dragon zombies
  38 deep elf pyromancers
  2 spriggan simulacra (Crypt:1)
  An anaconda skeleton (Crypt:1)
  6 lindwurms
  7 swamp dragons
  5 large abominations (WizLab)
  9 deep elf archers
  31 deep elf zephyrmancers
  6 orc knights
  9 wizards
  16 phantasmal warriors
  Jeremiah (D:8)
  An iron dragon zombie (Crypt:3)
  48 ugly things
  2 harpies (Vaults:2)
  A harpy (shapeshifter) (WizLab)
  18 necromancers
  A shining eye (shapeshifter) (WizLab)
  11 mana vipers
  A shadow dragon skeleton (Crypt:2)
  A wolf spider (Lair:5)
  8 orc sorcerers
  2 manticores (shapeshifter)
  6 manticores
  5 will-o-the-wisps
  3 cyclopes
  An oklob plant (Lair:4)
  A moth of wrath (shapeshifter) (WizLab)
  3 salamanders
  An ice statue (Depths:2)
  3 moths of wrath
  An iron dragon skeleton (Crypt:3)
  A dire elephant zombie (Crypt:2)
  A toenail golem (Volcano)
  A centaur zombie (D:15)
  16 naga magi
  A formless jellyfish zombie (Crypt:1)
  Joseph (D:7)
  Maurice (D:12)
  11 elephants
  An elephant (shapeshifter) (WizLab)
  A black mamba (shapeshifter) (D:13)
  15 guardian serpents
  An elephant slug zombie (Crypt:1)
  A black draconian zombie (Crypt:2)
  46 black mambas
  22 vault sentinels
  An unseen horror (shapeshifter) (D:13)
  14 cane toads
  2 komodo dragons (shapeshifter)
  3 molten gargoyles (Volcano)
  Psyche (D:7)
  A dire elephant skeleton (Crypt:3)
  3 kobold demonologists (D:13)
  An unseen horror (D:12)
  2 centaur skeletons
  2 rime drakes
  4 freezing wraiths
  26 yaktaurs
  4 tengu conjurers
  3 ice devils (Depths:2)
  2 efreet (Volcano)
  2 elves (WizLab)
  9 komodo dragons
  A yellow draconian skeleton (Crypt:2)
  A minotaur skeleton (Crypt:2)
  4 trolls
  A troll (shapeshifter) (WizLab)
  A meliai (shapeshifter) (WizLab)
  3 polar bears
  2 harpy zombies
  A wind drake (shapeshifter) (D:9)
  A bloated husk (Swamp:3)
  11 tyrant leeches
  An ettin zombie (Crypt:3)
  21 hornets
  40 saltlings (Desolation)
  A polar bear (shapeshifter) (WizLab)
  A blink frog (shapeshifter) (WizLab)
  A satyr zombie (Crypt:1)
  14 blink frogs
  A fire dragon zombie (Crypt:3)
  9 dream sheep
  An ettin skeleton (Crypt:2)
  33 slime creatures
  2 centaur simulacra (D:15)
  38 flying skulls
  14 spriggans
  A spriggan (shapeshifter) (WizLab)
  A vampire (D:13)
  7 water elementals
  10 wraiths
  2 shadows (D:11)
  7 basilisks
  A golden eye (shapeshifter) (WizLab)
  56 yaks
  14 wyverns
  11 fire elementals
  3 humans (WizLab)
  A human (shapeshifter) (WizLab)
  A black mamba skeleton (Crypt:2)
  3 hogs (D:12)
  An iron golem (WizLab)
  9 vampire mosquitoes
  3 redbacks
  A fire bat zombie (Crypt:1)
  2 wargs
  A deep troll zombie (Crypt:2)
  38 nagas
  2 acid dragons
  6 hell hounds
  32 water moccasins
  11 swamp worms
  Duvessa (D:4)
  4 floating eyes (WizLab)
  An ogre skeleton (Vaults:2)
  A floating eye (shapeshifter) (WizLab)
  A two-headed ogre skeleton (Crypt:1)
  35 orc warriors
  2 sky beasts
  A glowing shapeshifter skeleton (Vaults:2)
  7 swamp drakes
  2 ice beasts (D:8)
  3 black bears (D:8)
  9 small abominations (WizLab)
  A manticore zombie (Crypt:2)
  An ettin simulacrum (Depths:2)
  8 boggarts
  20 ogres
  11 centaurs
  28 wolves
  5 phantoms
  2 human skeletons
  A blink frog skeleton (Crypt:2)
  A komodo dragon zombie (Crypt:1)
  18 bullfrogs
  3 kobold brigands
  5 necrophages
  A glowing shapeshifter simulacrum (Depths:3)
  A gnoll sergeant (D:10)
  A human zombie (Vaults:2)
  A scorpion (D:5)
  6 earth elementals
  A draconian skeleton (Crypt:2)
  A water moccasin zombie (Crypt:1)
  14 wights
  Dowan (D:4)
  3 troll zombies (D:11)
  14 killer bees
  An electric eel (Elf:3)
  9 howler monkeys
  A shapeshifter skeleton (Crypt:2)
  A howler monkey (shapeshifter) (WizLab)
  A wolf zombie (Crypt:2)
  2 jellies (D:6)
  16 orc priests
  3 gnoll boudas
  2 hounds (D:5)
  A jelly (shapeshifter) (WizLab)
  Terence (D:3)
  Natasha (thrice) (D:2)
  23 orc wizards
  6 iguanas
  4 ogre zombies
  A hound skeleton (Crypt:1)
  A howler monkey skeleton (Crypt:2)
  19 gnolls
  4 adders
  A shadow imp (D:5)
  4 white imps
  An ufetubus (D:5)
  A worm (D:4)
  2 dart slugs
  75 orcs
  8 ball pythons
  3 bats
  6 endoplasms
  5 giant cockroaches
  11 goblins
  6 hobgoblins
  5 jackals
  5 quokkas
  A ball python (shapeshifter) (WizLab)
  4 frilled lizards
  2 goblin skeletons (D:11)
  A goblin zombie (D:11)
  3 hobgoblin skeletons (D:11)
  3 hobgoblin zombies (D:11)
  9 kobolds
  2 orc skeletons (D:11)
  8 orc zombies (D:11)
  6 rats
2190 creatures vanquished.

Vanquished Creatures (others)
  A ragged hierophant (Desolation)
  A deep elf knight (Elf:2)
  2 quicksilver dragon simulacra (Depths:2)
  A deep elf archer (Elf:2)
  A bloated husk (Swamp:4)
  A tyrant leech (Swamp:4)
  A spriggan (Swamp:4)
  4 ettin simulacra (Depths:2)
  15 foxfires
27 creatures vanquished.

Grand Total: 2217 creatures vanquished

Notes
Turn   | Place    | Note
-------+----------+-------------------------------------------
     0 | D:1      | littlecub the Gargoyle Earth Elementalist began the quest
                  | for the Orb.
     0 | D:1      | Reached XP level 1. HP: 10/10 MP: 3/3
   186 | D:1      | Reached skill level 1 in Transmutations
   186 | D:1      | Reached XP level 2. HP: 15/15 MP: 3/5
   236 | D:1      | Reached skill level 4 in Earth Magic
   427 | D:1      | Found Faostreg's Antique Weapon Shoppe.
   498 | D:1      | Reached XP level 3. HP: 19/19 MP: 6/6
   502 | D:1      | Learned a level 3 spell: Stone Arrow
  1387 | D:2      | Identified the +0 scale mail of Dihets {-Tele rN+ Will++
                  | SInv}
  1531 | D:2      | Noticed Natasha
  1538 | D:2      | Killed Natasha
  1539 | D:2      | Reached XP level 4. HP: 24/24 MP: 2/8
  1657 | D:2      | Reached skill level 1 in Conjurations
  1868 | D:2      | Noticed Natasha
  1875 | D:2      | Killed Natasha
  2026 | D:2      | Learned a level 2 spell: Passwall
  2088 | D:2      | Noticed Natasha
  2092 | D:2      | Killed Natasha
  2093 | D:2      | Reached skill level 5 in Earth Magic
  2093 | D:2      | Reached XP level 5. HP: 28/28 MP: 6/9
  2544 | D:3      | Noticed Ijyb
  2689 | D:3      | Noticed Terence
  2769 | D:4      | Noticed Dowan
  2769 | D:4      | Noticed Duvessa
  2821 | D:3      | Killed Terence
  3264 | D:4      | Reached skill level 1 in Fighting
  3264 | D:4      | Reached XP level 6. HP: 33/34 MP: 5/11
  3675 | D:4      | Killed Duvessa
  3676 | D:4      | Reached skill level 6 in Earth Magic
  3676 | D:4      | Reached XP level 7. HP: 30/39 MP: 5/13
  3946 | D:5      | Entered Level 5 of the Dungeon
  4063 | D:4      | Killed Dowan
  4349 | D:5      | Reached XP level 8. HP: 42/45 MP: 12/15
  4485 | D:5      | Reached skill level 7 in Earth Magic
  4493 | D:5      | Reached skill level 5 in Spellcasting
  4675 | D:5      | Found a staircase to the Ecumenical Temple.
  4690 | Temple   | Entered the Ecumenical Temple
  4714 | Temple   | Became a worshipper of Vehumet
  4864 | D:5      | Learned a level 4 spell: Petrify
  6010 | D:7      | Found a runed translucent door.
  6010 | D:7      | Noticed pokeman's ghost (novice DEHW)
  6213 | D:7      | Reached skill level 8 in Earth Magic
  6228 | D:7      | Noticed Joseph
  6251 | D:7      | Found an ornate altar of the Wu Jian Council.
  6351 | D:7      | Reached XP level 9. HP: 44/52 MP: 13/17
  6449 | D:7      | Killed Joseph
  6805 | D:8      | Noticed Psyche
  6949 | D:7      | Killed Psyche
  6950 | D:7      | Reached skill level 5 in Conjurations
  6950 | D:7      | Reached skill level 9 in Earth Magic
  7102 | D:8      | Noticed a komodo dragon
  7108 | D:8      | Reached skill level 5 in Fighting
  7244 | D:8      | Learned a level 8 spell: Lehudib's Crystal Spear
  7272 | D:8      | Reached XP level 10. HP: 53/59 MP: 14/20
  7309 | D:8      | Reached skill level 10 in Earth Magic
  7470 | D:8      | Reached * piety under Vehumet
  7470 | D:8      | Offered knowledge of Shock by Vehumet.
  7501 | D:8      | Noticed Jeremiah
  8055 | D:8      | Learned a level 5 spell: Lee's Rapid Deconstruction
  8115 | D:8      | Found Fuimes's Jewellery Boutique.
  8489 | D:8      | Found a hide-covered altar of Uskayaw.
  8619 | D:8      | Killed Jeremiah
  8620 | D:8      | Reached skill level 5 in Transmutations
  8750 | D:8      | Found a staircase to the Lair.
  8971 | D:9      | Reached skill level 11 in Earth Magic
  9043 | D:9      | Reached ** piety under Vehumet
  9043 | D:9      | Offered knowledge of Freeze by Vehumet.
  9139 | D:9      | Reached XP level 11. HP: 63/66 MP: 21/23
  9512 | D:9      | Identified a scroll of acquirement
  9512 | D:9      | Acquired the scarf of Gemifera {rC+ rF+, +Inv}
  9692 | D:9      | Noticed an orc sorcerer
  9701 | D:9      | Killed an orc sorcerer
  9704 | D:9      | Identified the +10 lajatang of the Sixty-Six Gods {pain,
                  | rElec Will- Str-4 SInv}
  9704 | D:9      | Noticed a deep elf pyromancer
  9849 | Lair:1   | Entered Level 1 of the Lair of Beasts
 10084 | Lair:1   | Reached skill level 12 in Earth Magic
 10089 | Lair:1   | Offered knowledge of Searing Ray by Vehumet.
 10125 | Lair:1   | Reached skill level 1 in Armour
 10270 | Lair:1   | Reached *** piety under Vehumet
 10320 | Lair:1   | Noticed Erica
 10332 | Lair:1   | Killed Erica
 10495 | Lair:1   | Noticed a boulder beetle
 10625 | Lair:1   | Killed a boulder beetle
 10822 | Lair:1   | Reached XP level 12. HP: 73/73 MP: 22/24
 11460 | Lair:1   | Offered knowledge of Dazzling Flash by Vehumet.
 11461 | Lair:1   | Reached skill level 13 in Earth Magic
 11677 | Lair:2   | Found a dark tunnel.
 11684 | Volcano  | Entered a volcano
 11762 | Volcano  | Reached skill level 10 in Conjurations
 12048 | Volcano  | Reached **** piety under Vehumet
 12478 | Lair:1   | Reached skill level 1 in Shields
 12624 | Lair:1   | Learned a level 4 spell: Leda's Liquefaction
 12680 | Lair:1   | Offered knowledge of Inner Flame by Vehumet.
 12987 | Lair:2   | Reached skill level 14 in Earth Magic
 13084 | Lair:2   | Reached XP level 13. HP: 80/80 MP: 21/26
 13141 | Lair:2   | Reached skill level 5 in Armour
 13233 | Lair:2   | Found a staircase to the Snake Pit.
 13341 | Lair:2   | You fall into a shaft and drop 2 floors!
 13341 | Lair:4   | Found a staircase to the Slime Pits.
 13734 | Lair:3   | Reached ***** piety under Vehumet
 13896 | Lair:2   | Offered knowledge of Sticky Flame by Vehumet.
 14537 | Lair:3   | Found a staircase to the Swamp.
 15136 | Lair:2   | Reached skill level 5 in Shields
 15832 | Lair:4   | Reached skill level 15 in Earth Magic
 15979 | Lair:4   | Gained mutation: Your large and strong wings let you fly.
                  | [Gargoyle growth]
 15979 | Lair:4   | Reached XP level 14. HP: 87/87 MP: 24/27
 16688 | Lair:5   | Entered Level 5 of the Lair of Beasts
 16690 | Lair:5   | Offered knowledge of Freezing Cloud by Vehumet.
 16821 | Lair:5   | Reached skill level 1 in Hexes
 16845 | Lair:5   | Reached skill level 10 in Spellcasting
 16862 | Lair:4   | Learned a level 6 spell: Leda's Unmaking
 17112 | Lair:5   | Reached skill level 10 in Fighting
 18011 | Lair:5   | Reached skill level 16 in Earth Magic
 18011 | Lair:5   | Reached XP level 15. HP: 92/92 MP: 29/29
 18180 | Lair:5   | Found the +4 robe of Folly {Brill Will-โˆž Int+8}
 18857 | D:9      | Identified the amulet of Miracles {Acrobat rF+ rC+ rN+
                  | Dex-3}
 19095 | D:9      | Got Noid's Precepts of Misty Confrontation
 19103 | D:9      | Identified the staff of Forgiveness {rPois Will+ Poison}
 19184 | D:10     | Entered Level 10 of the Dungeon
 19255 | D:10     | Noticed Urug
 19259 | D:10     | Killed Urug
 19363 | D:10     | Found a portal to a secret trove of treasure.
 20154 | D:11     | Reached XP level 16. HP: 79/99 MP: 12/30
 20328 | D:11     | Offered knowledge of Spellforged Servitor by Vehumet.
 20404 | D:11     | Found a staircase to the Orcish Mines.
 21284 | D:12     | Noticed Azrael
 21298 | D:12     | Reached skill level 17 in Earth Magic
 21379 | D:12     | Killed Azrael
 21585 | D:12     | Noticed Maurice
 21590 | D:12     | Killed Maurice
 21812 | D:12     | Noticed Josephine
 21817 | D:12     | Killed Josephine
 22065 | D:12     | Noticed Kirke
 22074 | D:12     | Killed Kirke
 22137 | D:12     | Upgraded the game from 0.31-a0-544-gceb718ecc6 to
                  | 0.31-a0-632-g766dd24fdf
 23005 | D:13     | Reached skill level 5 in Dodging
 23124 | D:13     | Found a gate to the Vaults.
 23287 | D:13     | Reached skill level 15 in Conjurations
 23746 | Orc:1    | Entered Level 1 of the Orcish Mines
 23944 | D:11     | Offered knowledge of Plasma Beam by Vehumet.
 25244 | Orc:1    | Noticed Erolcha
 25250 | Orc:1    | Killed Erolcha
 25410 | Orc:1    | Got the Secrets of the Cursed Plateau
 25500 | Orc:2    | Entered Level 2 of the Orcish Mines
 25982 | Orc:2    | Noticed Jorgrun
 26026 | Orc:2    | Killed Jorgrun
 26335 | Orc:2    | Found a staircase to the Elven Halls.
 27748 | Orc:2    | Offered knowledge of Yara's Violent Unravelling by Vehumet.
 27749 | Orc:2    | Reached skill level 18 in Earth Magic
 27783 | Orc:2    | Noticed Saint Roka
 28050 | Orc:2    | Noticed Sonja
 28506 | Snake:1  | Entered Level 1 of the Snake Pit
 28506 | Snake:1  | Noticed Frances
 28511 | Snake:1  | Killed Frances
 29858 | Snake:2  | Reached XP level 17. HP: 76/105 MP: 2/31
 30357 | Snake:2  | Found a transporter.
 30357 | Snake:2  | Noticed Sirjeffry24's ghost (adept DrSh)
 30472 | Snake:2  | Found a transporter.
 32988 | Snake:3  | Found Vokhlag's Weapon Boutique.
 33000 | Snake:3  | Bought the +1 short sword "Kuotog" {heavy, rN+ Will++
                  | Str+6} for 964 gold pieces
 33550 | Snake:3  | Upgraded the game from 0.31-a0-632-g766dd24fdf to
                  | 0.31-a0-640-g39d97e502b
 33550 | Snake:3  | Found Ydoimn's Magic Scroll Shop.
 33668 | Snake:3  | Bought a scroll of acquirement for 1040 gold pieces
 33668 | Snake:3  | Acquired the Atlas of Spellbinding and Confrontation
 34065 | Snake:3  | Found Nibli's Antique Weapon Boutique.
 34065 | Snake:3  | Found Baz Ocru's Weapon Shop.
 34068 | Snake:3  | Found Qemmiete's General Store.
 34070 | Snake:3  | Found Yptomel's Magic Scroll Shop.
 34384 | Snake:3  | Found Boekhlewu's Magic Scroll Shoppe.
 34390 | Snake:3  | Bought a scroll of enchant armour for 120 gold pieces
 34501 | Snake:4  | Entered Level 4 of the Snake Pit
 34508 | Snake:4  | Offered knowledge of Fireball by Vehumet.
 35299 | Snake:4  | Reached skill level 19 in Earth Magic
 35836 | Snake:4  | Found Esuyr's General Store.
 35838 | Snake:4  | Found Othus's Magic Scroll Boutique.
 35854 | Snake:4  | Reached skill level 10 in Armour
 35885 | Snake:4  | Found Acwu's Magic Scroll Shop.
 36144 | Snake:4  | Found Dewyjom's Weapon Boutique.
 36181 | Snake:4  | Found a glowing silver altar of Zin.
 37574 | Snake:4  | Reached XP level 18. HP: 111/112 MP: 21/32
 38910 | Snake:4  | Got a serpentine rune of Zot
 39188 | Orc:2    | Killed Saint Roka
 39189 | Orc:2    | Reached skill level 5 in Hexes
 39353 | Orc:2    | Killed Sonja
 40389 | Orc:2    | Found Jilaup's Antique Armour Shop.
 40390 | Orc:2    | Found Ukeasa's Antique Weapon Boutique.
 40392 | Orc:2    | Found Bumobeot's General Store.
 40392 | Orc:2    | Found Ushuinn's Book Shop.
 40410 | Orc:2    | Bought the +2 robe of Bitterness {rF- Will+++ rCorr
                  | Archmagi} for 583 gold pieces
 41911 | D:14     | Found the +9 sword of Power {lifebolt}
 42099 | D:14     | Reached ****** piety under Vehumet
 42378 | D:15     | Entered Level 15 of the Dungeon
 42628 | D:15     | Reached skill level 20 in Earth Magic
 42628 | D:15     | Offered knowledge of Maxwell's Capacitive Coupling by
                  | Vehumet.
 42949 | D:15     | Found a snail-covered altar of Cheibriados.
 43539 | D:15     | Found a staircase to the Depths.
 43984 | Swamp:1  | Entered Level 1 of the Swamp
 44831 | Swamp:1  | Identified the ring "Qiuly" {rF+ rCorr Dex+3}
 45023 | Swamp:2  | Reached XP level 19. HP: 119/119 MP: 31/34
 47034 | Swamp:3  | Offered knowledge of Fire Storm by Vehumet.
 47034 | Swamp:3  | Offered knowledge of Shatter by Vehumet.
 47034 | Swamp:3  | Offered knowledge of Ignition by Vehumet.
 47657 | Swamp:3  | Found a transporter.
 47687 | Swamp:3  | Found a transporter.
 47688 | Swamp:3  | Noticed Faiqoid's ghost (adept AtFi)
 47966 | Swamp:3  | Acquired 463 gold pieces
 48150 | Swamp:4  | Entered Level 4 of the Swamp
 50163 | Swamp:4  | Got a decaying rune of Zot
 50763 | Elf:1    | Entered Level 1 of the Elven Halls
 50763 | Elf:1    | Found a runed translucent gate.
 50763 | Elf:1    | Found a runed translucent gate.
 50763 | Elf:1    | Found a runed translucent gate.
 50763 | Elf:1    | Found a runed translucent gate.
 50763 | Elf:1    | Found a runed translucent gate.
 50763 | Elf:1    | Found a runed translucent gate.
 50768 | Elf:1    | Found a runed translucent door.
 50773 | Elf:1    | Reached skill level 21 in Earth Magic
 50784 | Elf:1    | Found a runed translucent door.
 51548 | Elf:1    | Reached XP level 20. HP: 120/127 MP: 2/35
 51558 | Elf:1    | Learned a level 9 spell: Shatter
 52680 | Elf:1    | Found Taist's Weapon Shop.
 53096 | Elf:2    | Found a runed translucent gate.
 53096 | Elf:2    | Found a runed translucent gate.
 53097 | Elf:2    | Found a runed translucent gate.
 53180 | Elf:2    | Noticed Roxanne
 53184 | Elf:2    | Killed Roxanne
 54454 | Elf:2    | Reached skill level 22 in Earth Magic
 54853 | Elf:3    | Entered Level 3 of the Elven Halls
 54889 | Elf:3    | Found Pirgh's Neck Hole.
 54941 | Elf:3    | Found Zeup's Jewellery Shop.
 54957 | Elf:3    | Noticed Norris
 55103 | Elf:3    | Killed Norris
 55241 | Elf:3    | Noticed Bai Suzhen
 55395 | Elf:3    | Killed Bai Suzhen
 55505 | Elf:3    | Bought the ring "Ceusk" {Wiz Str+3 Int+2 Dex-5} for 518
                  | gold pieces
 55550 | Elf:3    | Noticed Zenata
 55870 | Elf:3    | Killed Zenata
 55880 | Elf:3    | Noticed a Brimstone Fiend
 56157 | Elf:3    | Reached skill level 15 in Fighting
 56598 | Elf:3    | Identified the ring of Spontaneous Combustion {rF+ rC+
                  | Dex+2 Slay+3 SInv}
 56610 | Elf:3    | Identified the +3 trident of Incongruity {distort, rElec
                  | rC- Stlth+}
 56762 | Elf:3    | Identified the ring "Taotzumymi" {Fly rElec}
 56766 | Elf:3    | Reached XP level 21. HP: 134/134 MP: 16/37
 56768 | Elf:3    | Identified the ring of Nanolen {Fly rElec rPois Str-5
                  | Dex+5}
 57147 | Elf:3    | Reached skill level 23 in Earth Magic
 57755 | Vaults:1 | Entered Level 1 of the Vaults
 57929 | Vaults:1 | Noticed Donald
 57930 | Vaults:1 | Killed Donald
 58059 | Vaults:1 | Reached skill level 10 in Dodging
 58286 | Vaults:1 | Found a magical portal.
 58295 | WizLab   | Entered Cigotuvi's Fleshworks
 58379 | WizLab   | Paralysed by a floating eye for 3 turns
 59271 | WizLab   | Identified the ring of Ycuroj {rPois rC+ rCorr}
 60613 | Vaults:1 | Found Laexelud's Weapon Shop.
 60807 | Vaults:1 | Reached XP level 22. HP: 142/142 MP: 31/38
 61084 | Vaults:1 | Reached skill level 24 in Earth Magic
 62815 | Vaults:2 | Noticed Boris
 62821 | Vaults:2 | Killed Boris
 63395 | Vaults:2 | Acquired the Opusculum on Blasted Accomplices
 63626 | Vaults:2 | Found Xolog's Weapon Shop.
 63939 | Vaults:3 | Found a crumbling gateway.
 63948 | Desolati | Entered the Desolation of Salt
 63993 | Desolati | Identified the ring of Truth {+Blink rElec rC+ EV+5 Dex+8}
 64281 | Desolati | Identified the ring of the Hippogriff {Drain rElec rN+
                  | MP+9}
 64283 | Desolati | Identified the +6 dagger of Ambiguity {venom, Dex+4}
 64299 | Desolati | Identified the ring of Veluq {Wiz rElec Will+}
 64467 | Desolati | Identified the amulet of Jacish {Faith Dex+3}
 64483 | Desolati | Got the Omnibus of Graupel and Skeletons
 64486 | Desolati | Identified the +0 kite shield "Lufuywi" {rF++ Int+3}
 64492 | Desolati | Identified the ring "Bobb" {rPois EV+5}
 64731 | Desolati | Reached skill level 15 in Armour
 64996 | Desolati | Identified the ring "Kemnuyd" {Fly rN++ Slay-4}
 65461 | Vaults:3 | Found a staircase to the Crypt.
 65776 | Vaults:3 | Reached skill level 25 in Earth Magic
 66384 | Vaults:3 | Found Otomemm's Distillery.
 66388 | Vaults:3 | Bought a potion of curing for 66 gold pieces
 66388 | Vaults:3 | Bought a potion of heal wounds for 110 gold pieces
 66388 | Vaults:3 | Bought a potion of heal wounds for 110 gold pieces
 66910 | Vaults:4 | Found a runed translucent door.
 66912 | Vaults:4 | Noticed Iluymox's ghost (adept KoBr)
 66931 | Vaults:4 | Killed Iluymox's ghost
 66934 | Vaults:4 | Reached XP level 23. HP: 148/148 MP: 10/40
 68465 | Vaults:4 | Noticed a dread lich
 68468 | Vaults:4 | Killed a dread lich
 68807 | Vaults:5 | Entered Level 5 of the Vaults
 68965 | Vaults:5 | Noticed a dread lich
 68968 | Vaults:5 | Killed a dread lich
 68973 | Vaults:5 | Reached skill level 26 in Earth Magic
 69558 | Vaults:5 | Reached XP level 24. HP: 153/157 MP: 33/41
 69980 | Vaults:5 | Noticed an ancient lich
 69983 | Vaults:5 | Killed an ancient lich
 70390 | Vaults:5 | Identified the +1 leather armour of Midwinter {rPois
                  | Stlth+}
 70404 | Vaults:5 | Noticed a dread lich
 70406 | Vaults:5 | Killed a dread lich
 70528 | Vaults:5 | Found the +8 mithril axe "Arga" {speed, Will+}
 70528 | Vaults:5 | Found the brooch of Shielding {Spirit SH+8}
 70531 | Vaults:5 | Identified the +5 rapier of Conversion {elec, rC++ Str-4
                  | Int+2}
 70738 | Vaults:5 | Identified the +0 plate armour of the Barnacle {rN+ Str+5}
 70801 | Vaults:5 | Got a silver rune of Zot
 71006 | Vaults:5 | Found the +8 demon blade "Leech" {evervamp, Harm Drain rN+}
 71012 | Vaults:5 | Identified the +1 cloak of Sloth {Dex+3 SInv}
 71388 | Depths:1 | Entered Level 1 of the Depths
 72196 | Depths:1 | Found a glowing golden altar of the Shining One.
 73428 | Snake:4  | Bought a scroll of enchant armour for 97 gold pieces
 73440 | Snake:4  | Bought a scroll of enchant armour for 97 gold pieces
 73529 | Snake:2  | Killed Sirjeffry24's ghost
 73636 | Snake:2  | Identified the ring of Demons {*Corrode rC+ AC+4 Str+5
                  | Dex+2}
 74337 | Depths:1 | Found a gateway to Hell.
 75790 | Depths:2 | Reached skill level 27 in Earth Magic
 76345 | Depths:2 | Identified the +9 sling of Dissent {speed, rElec rC++ Str-5
                  | Int-2}
 76430 | Depths:2 | Reached skill level 15 in Spellcasting
 76430 | Depths:2 | Reached XP level 25. HP: 157/164 MP: 37/42
 76677 | Depths:2 | Found a bloodstained altar of Trog.
 77000 | Depths:2 | Reached skill level 10 in Shields
 77097 | Depths:2 | Found a one-way gateway to a ziggurat.
 77912 | Depths:2 | Found a sacrificial altar of Ru.
 77994 | Depths:2 | Found an opulent altar of Gozag.
 78114 | Depths:2 | Found a shimmering blue altar of Sif Muna.
 78116 | Depths:2 | Found a one-way gate leading to the halls of Pandemonium.
 78590 | Depths:3 | Noticed Louise
 78591 | Depths:3 | Found a one-way gate to the infinite horrors of the Abyss.
 78593 | Depths:3 | Killed Louise
 78597 | Depths:3 | Noticed Xtahua
 78602 | Depths:3 | Killed Xtahua
 78627 | Depths:3 | Found a flickering gateway to a bazaar.
 78632 | Bazaar   | Entered a bazaar
 78632 | Bazaar   | Found Taenkest's Antique Weapon Emporium.
 78698 | Bazaar   | Found Wofraoj's Assorted Antiques.
 78706 | Bazaar   | Bought a scroll of fog for 80 gold pieces
 78706 | Bazaar   | Bought a scroll of teleportation for 60 gold pieces
 78710 | Bazaar   | Found Ucrujoar's Antique Weapon Emporium.
 78741 | Bazaar   | Found Mazeym's Magic Scroll Shoppe.
 78745 | Bazaar   | Found Riuk Cui's Book Shop.
 78749 | Bazaar   | Bought a scroll of acquirement for 884 gold pieces
 78749 | Bazaar   | Bought a scroll of teleportation for 51 gold pieces
 78749 | Bazaar   | Bought a scroll of teleportation for 51 gold pieces
 78770 | Depths:3 | Acquired a manual of Dodging
 79241 | Depths:3 | Identified the +0 battleaxe "Punetuv" {freeze, rCorr}
 79242 | Depths:3 | Noticed a juggernaut
 79288 | Depths:2 | Killed a juggernaut
 80078 | Depths:3 | Identified the ring "Woasuaso" {Str+2 SInv}
 80343 | Depths:3 | Learned a level 9 spell: Polar Vortex
 80353 | Depths:3 | Got the Handbook of Wanderlust
 80801 | Depths:4 | Entered Level 4 of the Depths
 80834 | Depths:4 | Reached skill level 1 in Ice Magic
 81781 | Depths:4 | Found a gate to the Realm of Zot.
 82569 | Depths:4 | Noticed Margery
 82571 | Depths:4 | Killed Margery
 83022 | Crypt:1  | Entered Level 1 of the Crypt
 83392 | Crypt:1  | Reached XP level 26. HP: 173/173 MP: 33/42
 83823 | Crypt:1  | Reached skill level 5 in Ice Magic
 83833 | Crypt:1  | Noticed a royal mummy
 84001 | Crypt:1  | Killed a royal mummy
 84276 | Crypt:1  | Noticed Khufu
 84462 | Crypt:1  | Killed Khufu
 84474 | Crypt:1  | Noticed a royal mummy
 84477 | Crypt:1  | Killed a royal mummy
 84619 | Crypt:1  | Got the Grimoire of the Collective Wyrd
 84652 | Crypt:1  | Noticed a royal mummy
 84655 | Crypt:1  | Killed a royal mummy
 85424 | Crypt:2  | Noticed Vv
 85426 | Crypt:2  | Killed Vv
 86893 | Crypt:3  | Entered Level 3 of the Crypt
 87680 | Crypt:3  | Found a staircase to the Tomb.
 88174 | Crypt:3  | Identified the ring of Riclug {rElec rF+ rN+ SInv}
 88296 | Crypt:3  | Noticed an ancient lich
 88298 | Crypt:3  | Killed an ancient lich
 88556 | Crypt:3  | Identified the ring of Zouwnohu {rC+ rN+ Will+ Stlth+}
 88688 | Crypt:3  | Found a basalt altar of Yredelemnul.
 88707 | Crypt:3  | Got the Handbook of Debased Rituals
 88709 | Crypt:3  | Identified the +4 sling "Linyky" {freeze, rElec}
 89647 | Zot:1    | Entered Level 1 of the Realm of Zot
 89791 | Zot:1    | Noticed a Killer Klown
 89792 | Zot:1    | Reached skill level 15 in Dodging
 89797 | Zot:1    | Killed a Killer Klown
 89797 | Zot:1    | HP: 2/175 [angel/+3 whip of holy wrath (11)]
 89797 | Zot:1    | Slain by an angel

Illustrated notes

Levels and vault maps discovered:
D:1:      amcnicky_arrival_flooded_fountain, layout_loops_corners, serial_shops,
          nicolae_shop_statue_plus
D:2:      layout_loops_corners, uniq_natasha
D:3:      layout_rooms, dk_noncrumbling_4, chequers_serial_rivers_micro_a,
          uniq_ijyb, uniq_terence
D:4:      nicolae_BIG_FREAKIN_CUBE, layout_loops_cross, uniq_duvessa
D:5:      minmay_opposing_rooms, layout_cave_pools, minmay_temple_entry_grid
D:6:      layout_loops_ring, serial_aquarium, aquarium_bridge_long_joined
          [aquarium_subvault_window, aquarium_subvault_bridge,
          aquarium_subvault_wall, aquarium_subvault_wall,
          aquarium_subvault_bridge, aquarium_subvault_wall],
          aquarium_bridge_square [aquarium_subvault_balcony,
          aquarium_subvault_bridge, aquarium_subvault_wall,
          aquarium_subvault_window], aquarium_window_corridor_2,
          aquarium_window_1, aquarium_window_fake, aquarium_view_2e,
          aquarium_view_2g
D:7:      layout_cave_pools, nzn_wu_jian_contemplation,
          hellmonk_ghost_happy_afterlife, uniq_joseph
D:8:      layout_gridville, nicolae_uskayaw_suspiria,
          grunt_lair_entry_orc_guard_hut, serial_shops, shop, uniq_psyche,
          uniq_jeremiah
D:9:      nicolae_cairo_tiling_large, layout_loops_corners, minmay_the_grid_2x2
          [minmay_the_grid_zigzag_pyramid, minmay_the_grid_minigrid_medium,
          minmay_the_grid_tri_star,
          minmay_the_grid_prize_four_corners_diamond_a]
D:10:     layout_loops_cross, nicolae_trove_entry_diagonal, grunt_decor_clamped,
          hangedman_decor_peaks_small, uniq_urug
D:11:     layout_long_grid, zombieorc1_lemuel, nicolae_twisty_statue_hallways
D:12:     layout_basic, uniq_maurice, uniq_azrael, uniq_kirke, uniq_josephine
D:13:     layout_layer_cave, david_vaults_4
D:14:     minmay_guarded_unrand_sword_of_power, layout_loops_ring,
          kennysheep_small_spiral
D:15:     grunt_enter_depths_magical_seal, layout_loops_ring,
          serial_bayou_pond_e, cheibriados_altar_1
Temple:   nicolae_temple_slightly_damp_pantheon
Lair:1:   layout_layer_cave, grunt_megastairs_5, serial_bayou_shore_a,
          uniq_erica
Lair:2:   layout_misc_corridors, guppyfry_snake_entry_island, enter_volcano_3,
          grunt_megastairs_3
Lair:3:   layout_long_grid, skrybe_swamp_entry_bodies, lemuel_fruit_tree,
          grunt_megastairs_1
Lair:4:   layout_cave_pods, slime_entry_1, minivault_25,
          eino_small_chamber_without_monster, grunt_megastairs_4,
          serial_bayou_shore_b
Lair:5:   hangedman_lair_tendril_chambers, layout_cave_pods,
          dreamdust_deal_with_the_devil
Swamp:1:  layout_basic_swamp, hangedman_swamp_ruin_wall
Swamp:2:  layout_falls_marsh, serial_swamp_ruin, evilmike_swamp_ruin_house_1,
          evilmike_swamp_ruin_rubble_1, swamp_pool3
Swamp:3:  layout_basic_swamp, gammafunk_ghost_mausoleum,
          evilmike_swamp_ruin_wall, infiniplex_staircase_pool
Swamp:4:  swamp_alternative, layout_basic_swamp
Snake:1:  layout_misc_corridors, uniq_frances
Snake:2:  layout_chambers, gammafunk_ghost_berserking_beasts
Snake:3:  layout_honeycomb, serial_shops, shop, shop, shop, minmay_shoptagon
Snake:4:  grunt_snake_rune_pools, layout_onion, basic_altar, serial_shops, shop,
          minmay_shop_star
Orc:1:    lemuel_ogre_cave, layout_diamond_mine, basic_altar
Orc:2:    st_orc_congregation, layout_diamond_mine, basic_altar,
          uniq_saint_roka, uniq_sonja, uniq_jorgrun
Elf:1:    nicolae_elf_arrival_dilemma, layout_rooms, serial_shops,
          nicolae_shop_crystal, hangedman_elven_crosses_minicolossus
Elf:2:    elven_hall_of_blades_hangedman_original [nicolae_blade_lattice],
          layout_gridlike, uniq_roxanne
Elf:3:    elf_hall, layout_loops_cross, serial_shops,
          nicolae_shop_tiny_waterfront, minivault_14,
          nicolae_shop_sticking_my_neck_out, uniq_zenata, uniq_norris,
          uniq_bai_suzhen
Vaults:1: mu_enter_wizlab_4, nicolae_vaults_storage_closets_3, v_misc_5,
          dpeg_vaults_monster_box, v_alt_pattern_6,
          nicolae_vaults_taking_the_gang_shopping, layout_vaults_omnigrid,
          uniq_donald
Vaults:2: nicolae_vaults_prndl, nicolae_vaults_quartermaster, v_alt_pattern_1,
          nicolae_vaults_specimen_jars, nicolae_vaults_more_shelving_2,
          nicolae_vaults_hallways_thing, hangedman_vaults_slither,
          vaults_room_corners, ontoclasm_vaults_claustrophobia,
          nicolae_vaults_frosty_reception, nicolae_vaults_house_2,
          nicolae_vaults_asterisk, nicolae_vaults_cochlea,
          vaults_room_stairs_pillars, hangedman_vaults_nodes, v_misc_25,
          nicolae_vaults_house_1, layout_vaults_omnibox, serial_shops,
          nicolae_shop_bloodbath_and_beyond, uniq_boris
Vaults:3: portal_desolation_entry_ruin, minmay_crypt_entry_simple_walls,
          vaults_room_grid, nicolae_vaults_doubleplus_tesselated,
          nicolae_vaults_double_plus_1, vaults_dpeg_diagonal,
          grunt_vaults_hallway_short, vaults_dpeg_hooks, st_cells,
          vaults_dpeg_ring, layout_vaults_big_room, serial_shops,
          nicolae_shop_back_alley_shop
Vaults:4: hellmonk_ghost_big_iron, v_rooms_1, ontoclasm_vaults_twist,
          ontoclasm_vaults_idyll, nicolae_vaults_diamond_1,
          nicolae_vaults_shelves_hall, nicolae_vaults_storage_room_glass,
          ontoclasm_vaults_ring_square, v_misc_23, nicolae_vaults_tetromino_T_2,
          nicolae_vaults_shipping_containers_5, nicolae_vaults_little_squares_4,
          vaults_room_pool, layout_vaults_maze_bifur
Vaults:5
Crypt:1:  layout_misc_corridors, uniq_khufu
Crypt:2:  layout_misc_corridors, minmay_misc_feat_rows,
          nicolae_crypt_little_mausoleum, uniq_vv
Crypt:3:  cryptofortress_bobbens
Depths:1: layout_gridlike, pf_vacation_house_of_asmodeus, serial_sigils,
          serial_sigils_hangedman_shear, serial_sigils_hangedman_gut,
          serial_sigils_hangedman_shear, serial_sigils_hangedman_scar,
          serial_sigils_hangedman_stare, tso_oasis_becter
Depths:2: grunt_profane_halls [grunt_profane_temple_coc,
          grunt_profane_temple_dis, grunt_profane_temple_tar,
          grunt_profane_temple_geh, grunt_profane_loot], pan_entry, hell_entry
Depths:3: minmay_strange_plus, layout_gridlike, hell_entry, serial_shops,
          bzr_in_the_mist, serial_glass, glass_columns_b, glass_columns_c,
          nicolae_abyss_entry_one_way_or_another, lemuel_flamethrower_1,
          infiniplex_staircase_diamond, uniq_xtahua
Depths:4: grunt_x_marks_the_spot, layout_basic, hangedman_tar_grid_catacomb,
          minmay_misc_feat_x, uniq_margery
Zot:1:    dreamdust_zin_vs_xom, layout_cathedral_of_symmetry

Skill      XL: |  1  2  3  4  5  6  7  8  9 10 11 12 13 14 15 16 17 18 19 20 21 22 23 24 25 26 |
---------------+-------------------------------------------------------------------------------+-----
Transmutations | 1 2 3 4 5 6 7 |  7.0
Earth Magic    | 4 5 6 8 9 11 12 14 15 16 18 19 20 21 22 23 25 26 27 | 27.0
Spellcasting   | 3 4 5 7 8 9 10 11 12 13 14 15 16 | 16.2
Conjurations   | 1 2 3 4 5 7 9 11 12 14 15 16 17 18 19 20 | 20.2
Fighting       | 1 2 4 5 6 7 8 9 10 11 12 13 14 15 16 17 18 19 20 | 20.3
Armour         | 2 4 6 7 9 10 11 13 14 15 16 17 18 | 18.6
Shields        | 3 5 7 9 10 | 10.0
Dodging        | 3 4 5 6 7 8 9 10 11 12 13 15 | 15.0
Hexes          | 2 3 4 5 |  5.0
Ice Magic      | 4 8 |  8.4
Stealth        | |  2.1

Action                     |  1- 3 |  4- 6 |  7- 9 | 10-12 | 13-15 | 16-18 | 19-21 | 22-24 | 25-27 || total
---------------------------+-------+-------+-------+-------+-------+-------+-------+-------+-------++-------
  Melee: Unarmed           |    71 |       |       |       |       |       |       |       |       ||    71
         Whip              |       |       |       |    11 |       |       |       |       |       ||    11
         Staff             |       |       |       |       |     1 |    45 |       |       |       ||    46
         Short sword       |       |       |       |       |       |    15 |    14 |       |     6 ||    35
   Cast: Sandblast         |    42 |    72 |   106 |   151 |   109 |    48 |    61 |    14 |     6 ||   609
         Stone Arrow       |       |     1 |    31 |    91 |   230 |   640 |   204 |    54 |    31 ||  1282
         Lee's Rapid Decon |       |       |       |   107 |    99 |   256 |   196 |   176 |   227 ||  1061
         Petrify           |       |       |       |     8 |    19 |    22 |     7 |       |       ||    56
         Passwall          |       |       |       |     1 |     1 |     2 |       |       |       ||     4
         Leda's Liquefacti |       |       |       |     1 |     2 |    21 |     5 |       |     1 ||    30
         Leda's Unmaking   |       |       |       |       |    16 |   221 |   130 |   181 |   206 ||   754
         Lehudib's Crystal |       |       |       |       |       |    27 |    89 |    17 |    37 ||   170
         Shatter           |       |       |       |       |       |       |    67 |   132 |   106 ||   305
  Evoke: Wand              |       |       |       |       |       |       |       |    15 |     5 ||    20
    Use: Scroll            |     5 |     9 |     5 |     4 |     4 |    14 |     5 |     7 |     6 ||    59
         Potion            |       |       |     2 |     2 |     2 |     2 |     1 |     3 |     4 ||    16
 Armour: Robe              |    31 |    17 |    41 |    90 |   108 |   225 |   168 |   145 |   183 ||  1008
         Skin              |       |       |     1 |       |       |       |       |       |       ||     1
  Dodge: Dodged            |    68 |    14 |    50 |   128 |   198 |   472 |   244 |   229 |   231 ||  1634
  Block: Buckler           |       |       |       |    15 |    69 |   197 |   113 |    18 |       ||   412
         Kite shield       |       |       |       |       |       |       |       |    51 |       ||    51

Table legend: (Time is in decaauts)
 A = Elapsed time spent in this place.
 B = Non-inter-level travel time spent in this place.
 C = Inter-level travel time spent in this place.
 D = Time resting spent in this place.
 E = Time spent auto-exploring this place.
 F = Levels seen in this place.
 G = Mean time per level.
                   A        B        C        D        E       F      G
               +--------+--------+--------+--------+--------+-----+--------+
         Total |  90393 |  84052 |   6341 |  16211 |  54707 |  51 | 1772.4 |
       Dungeon |  20552 |  18163 |   2389 |   2050 |  13566 |  15 | 1370.1 |
        Temple |     43 |      6 |     37 |      0 |      5 |   1 |   43.0 |
          Lair |   8975 |   7935 |   1040 |    823 |   5397 |   5 | 1795.0 |
         Swamp |   6583 |   6367 |    216 |   2282 |   3248 |   4 | 1645.8 |
     Snake Pit |  10529 |   9876 |    653 |   1723 |   6732 |   4 | 2632.2 |
  Orcish Mines |   6237 |   5797 |    440 |    972 |   3617 |   2 | 3118.5 |
   Elven Halls |   6658 |   6424 |    234 |   1246 |   4270 |   3 | 2219.3 |
        Vaults |  10324 |   9725 |    599 |   2552 |   5997 |   5 | 2064.8 |
         Crypt |   6054 |   5720 |    334 |   1553 |   3291 |   3 | 2018.0 |
        Depths |  10138 |   9744 |    394 |   1902 |   6354 |   4 | 2534.5 |
           Zot |     39 |     39 |      0 |      0 |     11 |   1 |   39.0 |
        Bazaar |    136 |    136 |      0 |      0 |    119 |   1 |  136.0 |
       Volcano |    731 |    731 |      0 |    180 |    405 |   1 |  731.0 |
        Wizlab |   2057 |   2057 |      0 |    612 |   1103 |   1 | 2057.0 |
    Desolation |   1330 |   1330 |      0 |    316 |    592 |   1 | 1330.0 |
               +--------+--------+--------+--------+--------+-----+--------+

Top non-repeatable levels by time:
   Orc:2: 4105 daAuts
 Snake:3: 3594 daAuts
Depths:2: 3544 daAuts
 Snake:4: 3118 daAuts
Depths:1: 2943 daAuts
 Snake:2: 2845 daAuts
   Elf:2: 2819 daAuts
 Crypt:1: 2795 daAuts
Vaults:4: 2661 daAuts
  Lair:1: 2636 daAuts
Vaults:3: 2459 daAuts
 Crypt:3: 2334 daAuts
    D:13: 2191 daAuts
   Orc:1: 2131 daAuts
Vaults:2: 2121 daAuts
